 Dungeon Crawl Stone Soup version 0.26-a0-651-gb41185065b (webtiles) character file.

Game seed: 14144895638019201239

96 Klosterheim the Grasshopper (level 4, 0/38 HPs)
             Began as a Draconian Warper on Oct 18, 2020.
             Was an Initiate of Nemelex Xobeh.
             Slain by an ice beast (5 damage)
             ... on level 4 of the Dungeon.
             The game lasted 00:05:12 (2342 turns).

Klosterheim the Grasshopper (Draconian Warper)      Turns: 2342, Time: 00:05:13

Health: 0/38       AC: 10    Str: 13    XL:     4   Next: 41%
Magic:  8/8        EV: 12    Int: 15    God:    Nemelex Xobeh [......]
Gold:   116        SH:  0    Dex: 10    Spells: 8/8 levels left

rFire    . . .     SeeInvis .   a - +0 spear
rCold    . . .     Faith    .   (no shield)
rNeg     . . .     Spirit   .   (armour unavailable)
rPois    .         Reflect  .   (helmet restricted)
rElec    .         Harm     .   (no cloak)
rCorr    .         Rampage  .   (no gloves)
MR       .....                  h - +0 pair of boots
Stlth    ++........             (no amulet)
HPRegen  0.12/turn              f - +4 ring of protection
MPRegen  0.11/turn              p - ring of stealth

@: slowed, very slow
A: unfitting armour, cold-blooded, AC +5
a: Draw Escape, Draw Destruction, Draw Summoning, Renounce Religion


You were on level 4 of the Dungeon.
You worshipped Nemelex Xobeh.
Nemelex Xobeh was noncommittal.
You visited 1 branch of the dungeon, and saw 5 of its levels.

You collected 116 gold pieces.

Inventory:

Hand Weapons
 a - a +0 spear (weapon)
Missiles
 d - 5 boomerangs of dispersal (quivered)
Armour
 h - a +0 pair of boots (worn)
Jewellery
 f - a +4 ring of protection (left hand)
 p - a ring of stealth (right hand)
Wands
 k - a wand of digging (7)
Scrolls
 b - 2 scrolls of teleportation
 c - 2 scrolls of blinking
 e - a scroll of immolation
 g - a scroll of fear
Potions
 i - a potion of brilliance
 j - a potion of mutation {unknown}
 l - a potion of cancellation {unknown}
 m - 3 potions of lignification {unknown}
 n - a potion of heal wounds {unknown}
 o - a potion of curing


   Skills:
 - Level 3.0 Fighting
 + Level 2.9 Polearms
 - Level 1.0 Throwing
 + Level 2.9 Dodging
 + Level 2.7 Spellcasting
   Level 3.0 Translocations


You had 8 spell levels left.
You didn't know any spells.
Your spell library contained the following spells:

 Spells                   Type           Power        Failure   Level
 Blink                    Tloc           N/A          9%          2
 Gell's Gravitas          Tloc           ##........   19%         3
 Lesser Beckoning         Tloc           ##........   19%         3
 Teleport Other           Tloc           ##......     19%         3
 Passage of Golubria      Tloc           N/A          52%         4


Dungeon Overview and Level Annotations

Branches:
Dungeon (5/15)
 Temple: D:4-7

Altars:
Nemelex Xobeh
Vehumet
Yredelemnul


Innate Abilities, Weirdness & Mutations

Your plain brown scales are hard. (AC +5)
You cannot fit into any form of body armour.
You are cold-blooded and may be slowed by cold attacks.


Message History

There is a stone staircase leading up here.
The ice beast hits you but does no damage.
You climb upwards.
There is a stone staircase leading down here.
You barely miss the ice beast. The ice beast barely misses you.
You hit the ice beast.
Your tail-slap misses the ice beast.
The ice beast is lightly wounded.
The ice beast hits you. The ice beast freezes you!
You feel yourself slow down.
You hit the ice beast but do no damage.
You tail-slap the ice beast, but do no damage.
The ice beast is lightly wounded.
The ice beast hits you but does no damage.
You hit the ice beast but do no damage.
The ice beast is lightly wounded.
You feel yourself speed up. The ice beast hits you. The ice beast freezes you!
You feel yourself slow down.
* * * LOW HITPOINT WARNING * * *
The ice beast hits you.
You die...
Your body disappears without a glow.

#.....# ##'##
#.###.# ##...##
#.###.# ##....)##
#...#.# ##..)....##
#.....###.........#
#.......'.........+
#.....###.........#
##...## ##.......##
#..@..# ##.....##
#...Y.# ##...##
#.....# ##'##
#....## #.# #.####
#.# #.# ##.## #.#
##...## #.#
######.....# #.#
#.........###


You could see an ice beast.

Vanquished Creatures
  Jessica (D:3)
  3 adders
  A leopard gecko (D:1)
  2 orcs (D:3)
  A ball python (D:2)
  A giant cockroach (D:1)
  2 goblins (D:1)
  7 hobgoblins
  4 jackals
  A quokka (D:3)
  3 bats
  4 frilled lizards
  4 kobolds
  6 rats
40 creatures vanquished.

Notes
Turn   | Place    | Note
-------+----------+-------------------------------------------
     0 | D:1      | Klosterheim the Draconian Warper began the quest for the
                  | Orb.
     0 | D:1      | Reached XP level 1. HP: 17/17 MP: 3/3
    85 | D:1      | Reached skill level 1 in Throwing
   358 | D:1      | Reached XP level 2. HP: 20/25 MP: 5/5
  1007 | D:2      | Reached XP level 3. HP: 16/30 MP: 6/6
  1722 | D:3      | Found a sparkling altar of Nemelex Xobeh.
  1783 | D:3      | Became a worshipper of Nemelex Xobeh the Trickster
  1897 | D:3      | Found a basalt altar of Yredelemnul.
  1897 | D:3      | Found a radiant altar of Vehumet.
  2108 | D:3      | Noticed Jessica
  2117 | D:3      | Killed Jessica
  2117 | D:3      | Reached XP level 4. HP: 38/38 MP: 6/8
  2311 | D:4      | Noticed a yak
  2311 | D:4      | Noticed a yak
  2336 | D:5      | Entered Level 5 of the Dungeon
  2336 | D:5      | Noticed an ogre
  2336 | D:5      | Noticed an ice beast
  2342 | D:4      | Slain by an ice beast

Illustrated notes

Levels and vault maps discovered:
D:1:      shiori_arrival_oz, layout_basic
D:2:      layout_rooms
D:3:      layout_loops_cross, nicolae_overflow_crystal_walls,
          gammafunk_temple_overflow_elements, kennysheep_jessica_study,
          uniq_jessica
D:4:      layout_loops_corners, kennysheep_mini_moat, serial_shops, shop_coins,
          serial_park_tiny_pond
D:5:      layout_gridville, temple_pool_b

Skill      XL: |  1  2  3 |
---------------+----------+-----
Throwing       | 1 |  1.0
Fighting       | 3 |  3.0
Polearms       | |  2.9
Dodging        | |  2.9
Spellcasting   | |  2.7
Translocations | |  3.0

Action                   |  1- 3 |  4- 6 || total
-------------------------+-------+-------++-------
Melee: Spear             |   186 |    16 ||   202
       Tailslap          |    23 |     2 ||    25
  Use: Scroll            |     4 |     3 ||     7
       Potion            |     1 |       ||     1
 Stab: Sleeping          |     4 |       ||     4
Armor: Skin              |    61 |     4 ||    65
Dodge: Dodged            |   117 |     9 ||   126

Table legend: (Time is in decaauts)
 A = Elapsed time spent in this place.
 B = Non-inter-level travel time spent in this place.
 C = Inter-level travel time spent in this place.
 D = Time resting spent in this place.
 E = Time spent auto-exploring this place.
 F = Levels seen in this place.
 G = Mean time per level.
                   A        B        C        D        E       F      G
               +--------+--------+--------+--------+--------+-----+--------+
         Total |   2335 |   2254 |     81 |    178 |   1695 |   5 |  467.0 |
       Dungeon |   2335 |   2254 |     81 |    178 |   1695 |   5 |  467.0 |
               +--------+--------+--------+--------+--------+-----+--------+

Top non-repeatable levels by time:
     D:3: 1166 daAuts
     D:1: 952 daAuts
     D:4: 127 daAuts
     D:2: 86 daAuts
     D:5: 1 daAuts
